 Dungeon Crawl Stone Soup version 0.28.0 (webtiles) character file.

Game seed: 5440181320675245432

637 Armakuni the Cutter (level 7, -4/53 HPs)
             Began as a Vampire Fire Elementalist on Feb 10, 2022.
             Slain by Edmund (16 damage)
             ... on level 5 of the Dungeon on Feb 11, 2022.
             The game lasted 00:10:41 (3852 turns).

Armakuni the Cutter (Vampire Fire Elementalist)     Turns: 3852, Time: 00:10:42

Health: -4/53      AC:  4    Str:  9    XL:     7   Next: 25%
Magic:  10/10      EV: 11    Int: 18    God:
Gold:   99         SH:  0    Dex: 14    Spells: 9/10 levels left

rFire   . . .      SeeInvis +   a - +2 dagger (venom)
rCold   . . .      Faith    .   (no shield)
rNeg    . . .      Spirit   .   f - +0 leather armour
rPois   .          Reflect  .   (no helmet)
rElec   .          Harm     .   e - +0 cloak
rCorr   .          Rampage  .   (no gloves)
Will    .....                   (no boots)
Stlth   ++........              A - amulet of the acrobat
HPRegen 0.37/turn               (no ring)
MPRegen 0.12/turn               (no ring)

@: about to teleport, healing quickly
A: alive, fangs 3, see invisible, vampiric 2
a: Exsanguinate


You were on level 5 of the Dungeon.
You visited 2 branches of the dungeon, and saw 6 of its levels.

You collected 99 gold pieces.

Inventory:

Hand Weapons
 a - a +2 dagger of venom (weapon)
 h - a +5 dagger
Armour
 e - a +0 cloak (worn)
 f - a +0 leather armour (worn)
 k - the +18 Lear's hauberk
   (You found it on level 2 of the Dungeon)
Jewellery
 A - an amulet of the acrobat (around neck)
Wands
 n - a wand of charming (4)
Scrolls
 j - a scroll of enchant armour {unknown}
 l - a scroll of identify {unknown}
 o - a scroll of holy word {unknown}
Potions
 b - 2 potions of flight {unknown}
 c - 3 potions of lignification {unknown}
 d - a potion of heal wounds {unknown}
 g - 2 potions of might {unknown}
 i - 2 potions of degeneration {unknown}


   Skills:
 + Level 3.8 Fighting
 - Level 7.0 Short Blades
 - Level 2.1 Dodging
 - Level 3.0 Stealth
 - Level 2.0 Spellcasting
 - Level 0.6 Conjurations
 - Level 2.4 Fire Magic


You had 9 spell levels left.
You knew the following spells:

 Your Spells              Type           Power      Damage    Failure   Level
a - Foxfire               Conj/Fire      28%        2x1d5     14%         1

Your spell library contained the following spells:

 Spells                   Type           Power      Damage    Failure   Level
 Scorch                   Fire           20%        2d6       14%         2
 Corpse Rot               Necr/Air       2%         N/A       36%         2
 Conjure Flame            Conj/Fire      7%         6-21      38%         3
 Inner Flame              Hex/Fire       6%         N/A       43%         3
 Gell's Gravitas          Tloc           1%         N/A       58%         3
 Teleport Other           Tloc           1%         N/A       58%         3
 Tukima's Dance           Hex            1%         N/A       58%         3
 Flame Wave               Conj/Fire      7%         2d5       80%         4
 Anguish                  Hex/Necr       0%         N/A       94%         4
 Dispel Undead            Necr           1%         3d6       94%         4
 Conjure Ball Lightning   Conj/Air       1%         3x3d6     100%        6
 Death Channel            Necr           0%         N/A       100%        6
 Dispersal                Tloc           0%         N/A       100%        6
 Enfeeble                 Hex            0%         N/A       100%        7
 Discord                  Hex            0%         N/A       100%        8
 Disjunction              Tloc           0%         N/A       100%        8


Dungeon Overview and Level Annotations

Branches:
Dungeon (5/15)             Temple (1/1) D:4

Altars:
Ashenzari
Cheibriados
Dithmenos
Elyvilon
Fedhas
Gozag
Hepliaklqana
Kikubaaqudgha
Nemelex Xobeh
Okawaru
Qazlal
Ru
Sif Muna
Trog
Uskayaw
Vehumet
Wu Jian
Xom
Yredelemnul
Zin
The Shining One

Shops:
D:3 ?   D:4 (

Annotations:
D:5 Edmund


Innate Abilities, Weirdness & Mutations

Your natural rate of healing is accelerated.
You have razor-sharp teeth.
You have supernaturally acute eyesight. (SInv)
You are afflicted with vampirism and can become a bat while bloodless.


Message History

Things that are here:
a +0 dagger; a +0 ring mail; an orc corpse An orc is nearby!
Found a scroll labelled ESMEEPH TENUEMM.
The orc shouts!
The orc misses you.
You hit the orc.
The orc is poisoned.
The orc is heavily wounded.
The orc barely misses you.
You hit the orc.
You kill the orc!
Found a stone staircase leading up.
Found 6 gold pieces.
o - a scroll labelled ESMEEPH TENUEMM You now have 99 gold pieces (gained 6).
HP restored.
Edmund the Younger comes into view.
He is wielding a +2 dire flail of holy wrath.
Edmund shouts!
You hit Edmund but do no damage.
Edmund is poisoned.
Edmund hits you with a +2 dire flail of holy wrath.
You convulse.
You hit Edmund but do no damage.
Edmund is lightly wounded.
Edmund hits you with a +2 dire flail of holy wrath!
You convulse!
You hit Edmund but do no damage.
Edmund looks even sicker.
Edmund is lightly wounded.
Press: ? - help, v - describe, . - travel
Here: Edmund, wielding a +2 dire flail of holy wrath and wearing a +0 chain mail (lightly wounded, very poisoned)
The floor.
Okay, then.
Okay, then.
Okay, then.
Okay, then.
As you read the scroll of teleportation, it crumbles to dust.
You feel strangely unstable.
Edmund hits you with a +2 dire flail of holy wrath!
* * * LOW HITPOINT WARNING * * *
You convulse!
You die...

##....###
##.......).##..
'(..###
##...............
#..##
##...............#
####
#...............##
##...............#
#...............##
#..............##
#...<..........#
#........@@...##
#.............#
#.............###
##..............###
...........##.....###
.........######.....##
#..##.#### ###....###
#.. ## ###....###
###....#


You could see Edmund (poisoned).

Vanquished Creatures
  Sigmund (D:3)
  A sky beast (D:4)
  A bullfrog (D:4)
  A scorpion (D:4)
  A howler monkey (D:3)
  A gnoll shaman (D:4)
  Crazy Yiuf (D:3)
  An iguana (D:4)
  3 gnolls (D:4)
  2 adders
  A worm (D:2)
  7 dart slugs
  6 orcs
  7 bats
  An endoplasm (D:1)
  5 giant cockroaches
  6 goblins
  6 hobgoblins
  4 jackals (D:1)
  11 kobolds
  3 quokkas
  4 ball pythons
  5 frilled lizards
  2 rats
81 creatures vanquished.

Vanquished Creatures (others)
  44 foxfires
44 creatures vanquished.

Grand Total: 125 creatures vanquished

Notes
Turn   | Place    | Note
-------+----------+-------------------------------------------
     0 | D:1      | Armakuni the Vampire Fire Elementalist began the quest for
                  | the Orb.
     0 | D:1      | Reached XP level 1. HP: 13/13 MP: 3/3
   128 | D:1      | Reached skill level 1 in Fighting
   284 | D:1      | Reached XP level 2. HP: 21/21 MP: 3/5
   674 | D:1      | Gained mutation: You are afflicted with vampirism and can
                  | become a bat while bloodless. [Vampire growth]
   674 | D:1      | Reached XP level 3. HP: 20/28 MP: 1/6
  1100 | D:2      | Reached skill level 1 in Short Blades
  1181 | D:2      | Found a faded altar of an unknown god.
  1187 | D:2      | Reached skill level 2 in Short Blades
  1226 | D:2      | Reached XP level 4. HP: 25/34 MP: 7/7
  1309 | D:2      | Found the +18 Lear's hauberk
  1313 | D:2      | Found a shimmering blue altar of Sif Muna.
  1680 | D:3      | Found a runed translucent door.
  1681 | D:3      | Noticed Crazy Yiuf
  1735 | D:3      | Noticed Sigmund
  1757 | D:3      | Killed Sigmund
  1758 | D:3      | Reached skill level 5 in Short Blades
  1758 | D:3      | Reached XP level 5. HP: 17/39 MP: 8/8
  2128 | D:3      | Reached XP level 6. HP: 46/46 MP: 9/9
  2262 | D:3      | Found Fediypoy's Magic Scroll Shoppe.
  2530 | D:3      | Killed Crazy Yiuf
  2703 | D:4      | Reached skill level 6 in Short Blades
  2893 | D:4      | Noticed a sky beast
  2895 | D:4      | Found a staircase to the Ecumenical Temple.
  2905 | D:4      | Killed a sky beast
  2983 | D:4      | Reached skill level 7 in Short Blades
  3048 | Temple   | Entered the Ecumenical Temple
  3258 | D:4      | Reached XP level 7. HP: 31/52 MP: 10/10
  3357 | D:4      | Found Toetacs's Weapon Boutique.
  3728 | D:5      | Entered Level 5 of the Dungeon
  3835 | D:5      | Noticed Edmund
  3852 | D:5      | Slain by Edmund

Illustrated notes

Levels and vault maps discovered:
D:1:      minmay_arrival_four_loops, layout_basic
D:2:      layout_rooms, basic_altar, ebering_ecumenical_altar_box
D:3:      layout_loops_corners, serial_shops, shop, kennysheep_generic_room_3,
          uniq_crazy_yiuf_cottage, uniq_sigmund
D:4:      layout_basic, minmay_temple_entry_sparse_star, serial_shops, shop
D:5:      layout_cave_pods, serial_shops,
          nicolae_shop_temple_entry_statues_fountains, nicolae_shop_statue_plus,
          serial_column_ruins, column_ruins_hut_pillars, column_ruins_grid_1,
          column_ruins_corridor_corner, column_ruins_grid_1,
          column_ruins_open_small, column_ruins_corridor_straight,
          minmay_liquid_box, uniq_edmund, uniq_blork_the_orc
Temple:   kilobyte_greek_temple

Skill      XL: |  1  2  3  4  5  6 |
---------------+-------------------+-----
Fighting       | 1 2 3 |  3.8
Short Blades   | 2 5 7 |  7.0
Dodging        | |  2.1
Stealth        | |  3.0
Spellcasting   | |  2.0
Conjurations   | |  0.6
Fire Magic     | |  2.4

Action                   |  1- 3 |  4- 6 |  7- 9 || total
-------------------------+-------+-------+-------++-------
Melee: Dagger            |    74 |   115 |    29 ||   218
       Unarmed           |     4 |       |       ||     4
       Bite              |    14 |    17 |     7 ||    38
       Punch             |     1 |     4 |       ||     5
 Cast: Foxfire           |    27 |       |       ||    27
  Use: Scroll            |     2 |     1 |     1 ||     4
       Potion            |       |     1 |       ||     1
 Stab: Sleeping          |     4 |     3 |     2 ||     9
Armor: Leather armour    |    18 |     9 |     2 ||    29
       Robe              |     3 |       |       ||     3
Dodge: Dodged            |    62 |    62 |    10 ||   134
